 Dungeon Crawl Stone Soup version 0.29-a0-620-g13ace881f2 (webtiles) character file.

Game seed: 2391809845800916645

124 CollectiveS the Skirmisher (level 4, -2/37 HPs)
             Began as a Demonspawn Fighter on June 19, 2022.
             Was a Priest of Lugonu.
             Slain by Natasha (5 damage)
             ... on level 2 of the Dungeon.
             The game lasted 00:03:20 (2612 turns).

CollectiveS the Skirmisher (Demonspawn Fighter)     Turns: 2612, Time: 00:03:20

Health: -2/37      AC:  6    Str: 18    XL:     4   Next: 81%
Magic:  4/4        EV:  9    Int:  9    God:    Lugonu [***...]
Gold:   100        SH:  5    Dex: 19    Spells: 3/3 levels left

rFire   . . .      SeeInvis .   a - +0 flail
rCold   . . .      Faith    .   c - +0 buckler
rNeg    . . .      Spirit   .   b - +0 scale mail
rPois   .          Reflect  .   (helmet restricted)
rElec   .          Harm     .   (no cloak)
rCorr   .          Rampage  .   (no gloves)
Will    .....                   (no boots)
Stlth   ..........              (no amulet)
HPRegen 0.12/turn               f - +6 ring of dexterity
MPRegen 0.09/turn               (no ring)

@: slowed, very slow
A: horns 1, powered by pain 1
a: Renounce Religion, Depart the Abyss, Bend Space, Banish


You were on level 2 of the Dungeon.
You worshipped Lugonu.
Lugonu was most pleased with you.
You visited 1 branch of the dungeon, and saw 2 of its levels.

You collected 100 gold pieces.

Inventory:

Hand Weapons
 a - a +0 flail (weapon)
Armour
 b - a +0 scale mail (worn)
 c - a +0 buckler (worn)
Jewellery
 f - a +6 ring of dexterity (left hand)
Scrolls
 m - 3 scrolls of immolation {unknown}
 n - 2 scrolls of identify {unknown}
 o - a scroll of poison {unknown}
Potions
 d - a potion of might
 e - a potion of ambrosia {unknown}
 g - a potion of cancellation {unknown}
 h - a potion of magic {unknown}
 i - a potion of degeneration {unknown}
 j - a potion of lignification {unknown}
 k - 2 potions of heal wounds {unknown}
 l - 2 potions of curing {unknown}


   Skills:
 + Level 3.8 Fighting
 + Level 2.7 Maces & Flails
 + Level 3.4 Armour
 + Level 3.4 Shields


You had 3 spell levels left.
You didn't know any spells.
Your spell library was empty.

Dungeon Overview and Level Annotations

Branches:
Dungeon (2/15)

Altars:
Lugonu

Shops:
D:2 [

Annotations:
D:2 Natasha


Innate Abilities, Weirdness & Mutations

You have a pair of small horns on your head.
You sometimes gain a little power by taking damage.


Message History

You block Natasha's attack. You block the shadow imp's attack.
There are monsters nearby!
There are monsters nearby!
You hit Natasha but do no damage. Your headbutt misses Natasha.
Natasha claws you but does no damage. The shadow imp gestures at you.
Pain shoots through your body!
Natasha stares at you and mumbles some strange words.
You resist with some effort. The shadow imp barely misses you.
You are too injured to fight recklessly!
There are monsters nearby!
There are monsters nearby!
You are too injured to fight recklessly!
There are monsters nearby!
You are too injured to fight recklessly!
There are monsters nearby!
You are too injured to fight recklessly!
There are monsters nearby!
Unknown command.
You barely miss Natasha. Your headbutt misses Natasha.
Natasha mumbles some strange words.
The shadow imp picks up a beetle and eats it.
The shadow imp hits you.
Natasha casts a spell.
The shadow imp gestures at you.
You barely resist. You hit Natasha. Your headbutt misses Natasha.
Natasha is heavily wounded.
Natasha claws you.
* * * LOW HITPOINT WARNING * * *
The shadow imp hits you but does no damage.
Natasha claws you.
* * * LOW HITPOINT WARNING * * *
The crimson imp hits you.
* * * LOW HITPOINT WARNING * * *
The crimson imp attacks as you move away!
The crimson imp closely misses you.
The shadow imp attacks as you move away!
The shadow imp hits you but does no damage.
Natasha claws you.
You die...

#.# # .## ## ...# #####.##.##..
... . ###.# ...##........ #.#.#
#.... .≈....# #.##.#.# # #.#.#
.≈≈##.# #......# #.##.#.# ∩≈≈##.#
##.## #......# ≈≈≈...# #.).#
####.### ≈≈##..# #...# #######@#
####..# #.5@# #.......### ##...##
#.h5# #.......... ##...#
######.5.######..........
##...####.............#....##....
...#...............#....... .....
.......##.............#.... .....
.###.#.#######...#######... .....
.###.#.# #.>.# #.........
.##..#)# #...# ###. .####


You could see Natasha, a crimson imp (summoned) and 2 shadow imps.

Vanquished Creatures
  Jessica (D:2)
  Natasha (D:2)
  Robin (D:2)
  3 dart slugs
  3 bats
  4 endoplasms
  9 goblins
  10 hobgoblins
  4 jackals (D:1)
  2 kobolds (D:1)
  3 quokkas
  6 ball pythons
  4 frilled lizards
  A rat (D:1)
52 creatures vanquished.

Notes
Turn   | Place    | Note
-------+----------+-------------------------------------------
     0 | D:1      | CollectiveS the Demonspawn Fighter began the quest for the
                  | Orb.
     0 | D:1      | Reached XP level 1. HP: 18/18 MP: 1/1
    17 | D:1      | Found a faded altar of an unknown god.
   299 | D:1      | Prayed at the altar of an unknown god.
   299 | D:1      | Became a worshipper of Lugonu the Unformed
   299 | D:1      | Reached * piety under Lugonu
   299 | D:1      | Reached ** piety under Lugonu
   414 | D:1      | Gained mutation: You sometimes gain a little power by
                  | taking damage. [demonic ancestry]
   414 | D:1      | Reached XP level 2. HP: 6/24 MP: 2/2
   929 | D:1      | Reached XP level 3. HP: 16/29 MP: 3/3
  1517 | D:2      | Noticed Jessica
  2165 | D:2      | Noticed Robin
  2176 | D:2      | Reached *** piety under Lugonu
  2208 | D:2      | Killed Robin
  2209 | D:2      | Gained mutation: You have a pair of small horns on your
                  | head. [demonic ancestry]
  2209 | D:2      | Reached XP level 4. HP: 16/35 MP: 4/4
  2388 | D:2      | Found Osuifri's Armour Boutique.
  2426 | D:2      | Noticed Natasha
  2433 | D:2      | Killed Natasha
  2582 | D:2      | Killed Jessica
  2602 | D:2      | Noticed Natasha
  2612 | D:2      | Slain by Natasha

Illustrated notes

Levels and vault maps discovered:
D:1:      dpeg_arrival_rhombus, layout_basic, basic_ecumenical_altar,
          minmay_misc_feat_enclosed
D:2:      layout_loops_cross, serial_shops, nicolae_shop_waterfront,
          minmay_stone_trees_small, uniq_jessica, uniq_natasha, uniq_robin

Skill      XL: |  1  2 |
---------------+-------+-----
Maces & Flails | 2 |  2.7
Armour         | 3 |  3.4
Shields        | 3 |  3.4
Fighting       | |  3.8

Action                   |  1- 3 |  4- 6 || total
-------------------------+-------+-------++-------
Melee: Flail             |   151 |    17 ||   168
       Headbutt          |       |     2 ||     2
Armor: Scale mail        |   105 |     7 ||   112
Dodge: Dodged            |   102 |     7 ||   109
Block: Buckler           |    46 |     4 ||    50

Table legend: (Time is in decaauts)
 A = Elapsed time spent in this place.
 B = Non-inter-level travel time spent in this place.
 C = Inter-level travel time spent in this place.
 D = Time resting spent in this place.
 E = Time spent auto-exploring this place.
 F = Levels seen in this place.
 G = Mean time per level.
                   A        B        C        D        E       F      G
               +--------+--------+--------+--------+--------+-----+--------+
         Total |   2676 |   2534 |    142 |    718 |   1323 |   2 | 1338.0 |
       Dungeon |   2676 |   2534 |    142 |    718 |   1323 |   2 | 1338.0 |
               +--------+--------+--------+--------+--------+-----+--------+

Top non-repeatable levels by time:
     D:1: 1857 daAuts
     D:2: 818 daAuts
